 Dungeon Crawl Stone Soup version 0.25.1-2-g60ff931df9 (webtiles) character file.

Game seed: 6522930352889403737

42 delfman the Vandal (level 3, -5/24 HPs)
             Began as a Halfling Hunter on Nov 30, 2020.
             Slain by an iguana (9 damage)
             ... on level 4 of the Dungeon.
             The game lasted 00:11:41 (1086 turns).

delfman the Vandal (Halfling Hunter)                Turns: 1086, Time: 00:11:41

Health: -5/24      AC:  6    Str: 13    XL:     3   Next: 77%
Magic:  3/3        EV: 13    Int: 10    God:
Gold:   52         SH:  0    Dex: 14    Spells: 2/2 levels left

rFire    . . .     SeeInvis .   b - +0 short sword
rCold    . . .     Gourm    .   (shield restricted)
rNeg     . . .     Faith    .   v - +0 ring mail
rPois    .         Spirit   .   (no helmet)
rElec    .         Reflect  .   (no cloak)
rCorr    .         Harm     .   y - +0 pair of gloves
MR       .....                  (no boots)
Stlth    +.........             (no amulet)
HPRegen  0.08/turn              (no ring)
MPRegen  0.08/turn              (no ring)

@: no status effects
A: small, mutation resistance 1
a: no special abilities


You were on level 4 of the Dungeon.
You were not hungry.

You visited 1 branch of the dungeon, and saw 3 of its levels.

You collected 52 gold pieces.

Inventory:

Hand Weapons
 a - a +1 hunting sling
 b - a +0 short sword (weapon)
 d - a +0 hand axe
 g - a +0 short sword
 h - a +0 dagger
 m - a +0 dagger
 n - a +0 hunting sling
Missiles
 e - 31 bolts
 o - 4 sling bullets
 p - 30 stones (quivered)
 u - a throwing net
Armour
 c - a +0 leather armour
 i - a +0 robe
 j - a +0 leather armour
 v - a +0 ring mail (worn)
 x - a +0 leather armour
 y - a +0 pair of gloves (worn)
Jewellery
 k - an uncursed amulet of regeneration {unknown}
Scrolls
 l - a scroll of blinking {unknown}
 s - a scroll of noise {unknown}
 t - a scroll of immolation {unknown}
 w - a scroll of fog {unknown}
Potions
 q - 2 potions of haste {unknown}
 r - a potion of curing {unknown}
Comestibles
 f - 2 rations


   Skills:
 + Level 2.1 Fighting
 + Level 7.2 Slings
 + Level 0.1 Armour
 + Level 2.3 Dodging
 + Level 1.1 Stealth


You had 2 spell levels left.
You didn't know any spells.
Your spell library was empty.

Dungeon Overview and Level Annotations

Branches:
Dungeon (2/15)

Altars:
Ashenzari
Gozag


Innate Abilities, Weirdness & Mutations

You are small and have problems with some larger weapons.
You are somewhat resistant to further mutation.


Message History

The iguana is lightly wounded.
The iguana bites you!
You barely miss the iguana.
The iguana is lightly wounded.
The iguana bites you.
* * * LOW HITPOINT WARNING * * *
You hit the iguana.
The iguana is moderately wounded.
The iguana bites you but does no damage.
You hit the iguana.
The iguana is moderately wounded.
The iguana bites you but does no damage.
The iguana barely misses you.
You barely miss the iguana.
The iguana is moderately wounded.
The iguana barely misses you.
You hit the iguana.
The iguana is heavily wounded.
The iguana bites you!
You die...

.(........# #.# l.
#..##.# ##.# ..
#..÷.# #..# #.
###÷.# #.## #.
#..####.#
..####.#####..÷....#
#.................##
#####..####.......#
#.# ##...@l.# #..
#......# #..
###.#..## #.#
#.._....# .<
#.#.#...# >.
#.......# ##.....##
#.......# #.......#


You could see an iguana.

Vanquished Creatures
  2 leopard geckos (D:1)
  An orc (D:4)
  2 giant cockroaches
  A hobgoblin (D:2)
  11 jackals
  3 kobolds
  3 bats
  6 goblins
  4 rats
33 creatures vanquished.

Notes
Turn   | Place    | Note
-------+----------+-------------------------------------------
     0 | D:1      | delfman the Halfling Hunter began the quest for the Orb.
     0 | D:1      | Reached XP level 1. HP: 14/14 MP: 1/1
    26 | D:1      | Reached skill level 6 in Slings
   155 | D:1      | Reached XP level 2. HP: 19/19 MP: 2/2
   288 | D:1      | Reached XP level 3. HP: 24/24 MP: 3/3
   494 | D:2      | Reached skill level 7 in Slings
   753 | D:2      | You fall into a shaft and drop 2 floors!
   942 | D:4      | Found an opulent altar of Gozag.
  1057 | D:4      | Found a shattered altar of Ashenzari.
  1086 | D:4      | Slain by an iguana

Illustrated notes

Levels and vault maps discovered:
D:1:      dpeg_arrival_short_road, layout_loops_ring, serial_park_tiny_pond
D:2:      layout_basic, first_ration
D:4:      layout_rooms, ashenzari_altar_1, lemuel_crystal_altar,
          serial_corexii_hall, corexii_hall_statues_l, corexii_hall_statues_u

Skill      XL: |  1  2  3 |
---------------+----------+-----
Slings         | 6 7 |  7.2
Fighting       | 2 |  2.1
Armour         | |  0.1
Dodging        | |  2.3
Stealth        | |  1.1

Action                   || total
-------------------------++-------
Melee: Short sword       ||    20
 Fire: Hunting sling     ||    73
  Use: Potion            ||     1
Armor: Leather armour    ||    36
       Skin              ||    31
       Ring mail         ||     2
Dodge: Dodged            ||    99
